 Dungeon Crawl Stone Soup version 0.25-b1-23-ge2ad7d536c (webtiles) character file.

Game seed: 10077855842760219792, levelgen mode: deterministic

2962 Esekla the Grasshopper (level 9, -1/45 HPs)
             Began as a Vine Stalker Wanderer on May 29, 2020.
             Was a Priest of Vehumet.
             Slain by a killer bee (2 damage)
             ... on level 7 of the Dungeon.
             The game lasted 01:13:12 (6806 turns).

Esekla the Grasshopper (Vine Stalker Wanderer)      Turns: 6806, Time: 01:13:12

Health: -1/45      AC:  6    Str: 16    XL:     9   Next: 81%
Magic:  0/16       EV: 13    Int: 15    God:    Vehumet [***...]
Gold:   400        SH:  0    Dex: 19    Spells: 0/16 levels left

rFire    . . .     SeeInvis .   k - +0 falchion
rCold    . . .     Gourm    .   (no shield)
rNeg     . . .     Faith    .   a - +1 troll leather armour {Purgy}
rPois    .         Spirit   +   (no helmet)
rElec    .         Reflect  .   s - scarf {repulsion}
rCorr    .         Harm     .   (no gloves)
MR       +....                  l - +0 pair of boots
Stlth    ++........             (no amulet)
HPRegen  0.95/turn              A - +6 ring of dexterity
MPRegen  0.15/turn              u - ring of wizardry

@: repel missiles
A: fangs 3, regeneration 1, magic shield, antimagic bite, no potion heal 3, rot
immunity
a: Renounce Religion


You were on level 7 of the Dungeon.
You worshipped Vehumet.
Vehumet was most pleased with you.
You were very hungry.

You visited 2 branches of the dungeon, and saw 8 of its levels.
You also visited: Sewer and Ossuary.

You collected 400 gold pieces.

Inventory:

Hand Weapons
 e - a +0 dagger
 j - a +0 trident of venom
 k - a +0 falchion (weapon)
 E - a +0 spear of venom
Missiles
 g - 16 poisoned darts (quivered)
Armour
 a - a +1 troll leather armour (worn) {Purgy}
 l - a +0 pair of boots (worn)
 s - a scarf of repulsion (worn)
Jewellery
 q - an uncursed ring of resist corrosion
 u - a ring of wizardry (right hand)
 A - a +6 ring of dexterity (left hand)
 G - a +6 ring of strength {unknown}
Wands
 w - a wand of acid (17)
 F - a wand of disintegration (15)
Scrolls
 h - 2 scrolls of fear
 i - 2 scrolls of immolation {unknown}
 n - 2 scrolls of identify
 o - 4 scrolls of teleportation
 p - 2 scrolls of blinking
 x - 2 scrolls of random uselessness {unknown}
 y - 2 scrolls of remove curse
 C - a scroll of enchant weapon {unknown}
 D - a scroll of magic mapping {unknown}
 H - a scroll of enchant armour
Potions
 b - a potion of cancellation
 c - 2 potions of haste {unknown}
 d - 2 potions of ambrosia
 m - a potion of magic {unknown}
 r - a potion of invisibility {unknown}
 t - 5 potions of curing
 v - 2 potions of degeneration {unknown}
 z - a potion of might
 B - 2 potions of flight
Comestibles
 f - 9 rations


   Skills:
 + Level 3.8 Fighting
 + Level 4.8 Long Blades
   Level 1.7 Crossbows
 + Level 2.3 Armour
 + Level 2.2 Dodging
 - Level 1.2 Stealth
 * Level 4.4 Spellcasting
 + Level 2.8 Conjurations
   Level 3.0 Summonings
 * Level 3.8 Necromancy
 * Level 4.9 Translocations
 * Level 2.1 Transmutations
 * Level 1.7 Fire Magic
 + Level 4.1 Air Magic
 + Level 2.6 Poison Magic
 + Level 1.0 Evocations


You couldn't memorise any spells.
You knew the following spells:

 Your Spells              Type           Power        Failure   Level  Hunger
a - Magic Dart            Conj           ##..         1%          1    None
b - Blink                 Tloc           N/A          1%          2    ##.....
c - Mephitic Cloud        Conj/Pois/Air  ##......     1%          3    ###....
d - Vampiric Draining     Necr           ##........   5%          3    ###....
i - Ignite Poison         Fire/Tmut/Pois #.......     3%          3    ###....
r - Airstrike             Air            ###.......   4%          4    ####...

Your spell library contained the following spells:

 Spells                   Type           Power        Failure   Level  Hunger
 Pain                     Necr           ##..         1%          1    None
 Call Imp                 Summ           ##......     3%          2    ##.....
 Conjure Flame            Conj/Fire      ##......     3%          3    ###....
 Slow                     Hex            #.......     12%         2    ##.....


Dungeon Overview and Level Annotations

Branches:
Dungeon (7/15)             Temple (1/1) D:4           Sewer (visited)
Ossuary (visited)

Altars:
Cheibriados
Elyvilon
Gozag
Kikubaaqudgha
Makhleb
Nemelex Xobeh
Okawaru
Qazlal
Ru
Sif Muna
Trog
Uskayaw
Vehumet
Wu Jian
Xom
Yredelemnul
Zin


Innate Abilities, Weirdness & Mutations

You have razor-sharp teeth.
Your natural rate of healing is unusually fast.
When hurt, damage is shared between your health and your magic reserves.
Your bite disrupts and absorbs the magic of your enemies.
Potions cannot restore your health.
You are immune to rotting.


Message History

You are more poisoned.
The killer bee poisons you! The killer bee stings you.
* * * LOW HITPOINT WARNING * * *
You are more poisoned.
The killer bee poisons you!
You barely miss the killer bee. You bite the killer bee. You drain its power.
You feel invigorated.
The killer bee is lightly wounded.
You feel sick. The killer bee completely misses you. The killer bee stings you.
* * * LOW HITPOINT WARNING * * *
The killer bee stings you.
* * * LOW HITPOINT WARNING * * *
The killer bee stings you.
* * * LOW HITPOINT WARNING * * *
Your system rejects the healing.
You feel better.
You feel less invigorated. The killer bee stings you!
* * * LOW HITPOINT WARNING * * *
The killer bee stings you but does no damage.
The killer bee stings you.
You die...

.......#.........≈≈≈≈.<
.......#........≈≈W≈P.P
#......####.###.†≈≈≈.♣
#......#........≈≈≈≈P♣♣♣
..######.......[.≈≈≈≈P>P
..# #.......#.≈≈≈≈≈≈≈
### #.......#..≈≈≈≈≈≈
#.......yy..≈≈≈≈≈
#########@....≈≈≈
##....... ##...!. ####


You could see a phantom and 2 killer bees.

Vanquished Creatures
  Prince Ribbit (D:7)
  Sigmund (D:4)
  Purgy (Sewer)
  A phantom (D:6)
  An ice beast (D:5)
  A sky beast (D:5)
  3 ogres
  A centaur (D:6)
  A bullfrog (D:6)
  2 gnoll sergeants
  12 scorpions
  4 killer bees
  3 howler monkeys
  A crimson imp (D:6)
  2 centaur zombies (Ossuary)
  2 jellies
  4 hounds
  An orc priest (D:6)
  2 human zombies (Ossuary)
  A bullfrog skeleton (D:5)
  4 iguanas
  2 worker ants (D:5)
  2 orc wizards
  A big kobold zombie (Ossuary)
  A hound zombie (D:5)
  3 mummies (Ossuary)
  A worker ant zombie (D:6)
  10 adders
  3 gnolls (D:2)
  2 river rats (D:4)
  3 scorpion zombies (Ossuary)
  An ooze (D:1)
  8 worms
  2 dart slugs
  4 leopard geckos
  10 orcs
  6 giant cockroaches
  2 gnoll zombies (Ossuary)
  6 goblins
  5 hobgoblins
  6 jackals
  5 quokkas
  A ball python (D:4)
  7 bats
  9 frilled lizards
  2 goblin zombies (Ossuary)
  2 hobgoblin zombies (Ossuary)
  7 kobolds
  2 kobold zombies (Ossuary)
  A quokka skeleton (D:4)
  A quokka zombie (D:5)
  4 rats
168 creatures vanquished.

Vanquished Creatures (others)
  A scorpion (Ossuary)
  2 kobold zombies (Ossuary)
3 creatures vanquished.

Grand Total: 171 creatures vanquished

Notes
Turn   | Place    | Note
-------+----------+-------------------------------------------
     0 | D:1      | Esekla the Vine Stalker Wanderer began the quest for the
                  | Orb.
     0 | D:1      | Esekla set off with the following items: a +0 club, a
                  | potion of curing, a +0 robe, a ration; and the following
                  | spells available to memorise: Magic Dart, Call Imp, Pain,
                  | Blink, Slow, Conjure Flame, Mephitic Cloud, Vampiric
                  | Draining
     0 | D:1      | Reached XP level 1. HP: 10/10 MP: 2/2
   234 | D:1      | Reached XP level 2. HP: 3/15 MP: 0/3
   237 | D:1      | Learned a level 1 spell: Magic Dart
   579 | D:2      | Reached skill level 1 in Spellcasting
   900 | D:3      | Learned a level 2 spell: Blink
  1020 | D:4      | Reached XP level 3. HP: 18/18 MP: 5/5
  1106 | D:4      | Found a glowing drain.
  1300 | D:4      | Reached skill level 1 in Translocations
  1300 | D:4      | Gained mutation: Your natural rate of healing is unusually
                  | fast. [Vine Stalker growth]
  1300 | D:4      | Reached XP level 4. HP: 14/23 MP: 4/7
  1328 | Sewer    | Entered a sewer
  1456 | Sewer    | Noticed Purgy
  1552 | Sewer    | Killed Purgy
  1552 | Sewer    | Reached skill level 1 in Long Blades
  1552 | Sewer    | Reached skill level 1 in Dodging
  1552 | Sewer    | Reached XP level 5. HP: 7/27 MP: 2/9
  1855 | D:4      | Found a staircase to the Ecumenical Temple.
  1886 | Temple   | Entered the Ecumenical Temple
  1920 | Temple   | Became a worshipper of Vehumet
  1995 | D:3      | Learned a level 3 spell: Mephitic Cloud
  2145 | D:2      | Reached XP level 6. HP: 32/32 MP: 8/10
  2150 | D:2      | Learned a level 3 spell: Vampiric Draining
  2965 | D:2      | Reached * piety under Vehumet
  2965 | D:2      | Offered knowledge of Foxfire by Vehumet.
  3286 | D:4      | Noticed Sigmund
  3454 | D:3      | Reached skill level 1 in Necromancy
  3454 | D:3      | Reached skill level 1 in Air Magic
  3454 | D:3      | Reached skill level 1 in Poison Magic
  3541 | D:3      | Noticed an ice beast
  3554 | D:3      | Found a hide-covered altar of Uskayaw.
  3562 | D:3      | Found a sacrificial altar of Ru.
  3579 | D:3      | Found a sparkling altar of Nemelex Xobeh.
  3581 | D:3      | Found a basalt altar of Yredelemnul.
  3582 | D:3      | Found an opulent altar of Gozag.
  3923 | D:4      | Killed Sigmund
  3923 | D:4      | Reached skill level 1 in Armour
  3923 | D:4      | Reached XP level 7. HP: 24/36 MP: 1/12
  4066 | D:4      | Found an ancient bone altar of Kikubaaqudgha.
  4423 | D:5      | Entered Level 5 of the Dungeon
  4590 | D:5      | Gained mutation: You have razor-sharp teeth. [Vine Stalker
                  | growth]
  4590 | D:5      | Reached XP level 8. HP: 40/40 MP: 10/13
  4726 | D:5      | Offered knowledge of Shock by Vehumet.
  4730 | D:5      | Reached ** piety under Vehumet
  4985 | D:5      | Found a sand-covered staircase.
  5002 | Ossuary  | Entered an ossuary
  5263 | Ossuary  | Offered knowledge of Ignite Poison by Vehumet.
  5269 | Ossuary  | Learned a level 3 spell: Ignite Poison
  5359 | Ossuary  | Reached XP level 9. HP: 40/44 MP: 13/15
  5479 | Ossuary  | Reached *** piety under Vehumet
  6066 | D:6      | Reached skill level 1 in Transmutations
  6218 | D:6      | Offered knowledge of Airstrike by Vehumet.
  6243 | D:6      | Learned a level 4 spell: Airstrike
  6373 | D:6      | Reached skill level 1 in Fire Magic
  6665 | D:7      | Found a white marble altar of Elyvilon.
  6677 | D:7      | Noticed Prince Ribbit
  6744 | D:7      | Killed Prince Ribbit
  6806 | D:7      | HP: 1/45 [killer bee (3)]
  6806 | D:7      | Slain by a killer bee

Illustrated notes

Levels and vault maps discovered:
D:1:      dpeg_arrival_tiny_c, layout_rooms
D:2:      layout_loops_ring
D:3:      minmay_evil_eye, layout_rooms, grunt_temple_overflow_open,
          minmay_misc_feat_more_columns, kennysheep_generic_room_6
D:4:      layout_basic, kiku_gazebo_garden_becter,
          minmay_temple_entry_purple_smoke, portal_sewer_entry_e, uniq_sigmund
D:5:      layout_rooms, first_ration, lightli_ossuary_entry_decrepit_ruins,
          nzn_random_ring
D:6:      layout_rooms
D:7:      layout_rooms, overflow_temple_1_default, fedhas_ov_isle_minmay,
          hangedman_abyss_or_decor_slice, grunt_ogre_cave, uniq_prince_ribbit1,
          uniq_maggie
Temple:   nicolae_temple_god_jail

Skill      XL: |  1  2  3  4  5  6  7  8  9 |
---------------+----------------------------+-----
Spellcasting   | 1 2 3 4 |  4.4
Fighting       | 2 3 |  3.8
Translocations | 1 2 3 4 |  4.9
Long Blades    | 1 2 3 4 |  4.8
Dodging        | 1 2 |  2.2
Necromancy     | 1 2 3 |  3.8
Air Magic      | 1 2 4 |  4.1
Poison Magic   | 1 2 |  2.6
Armour         | 1 2 |  2.3
Transmutations | 2 |  2.1
Fire Magic     | 1 |  1.7
Crossbows      | |  1.7
Stealth        | |  1.2
Conjurations   | |  2.8
Summonings     | |  3.0
Evocations     | |  1.0

Action                   |  1- 3 |  4- 6 |  7- 9 || total
-------------------------+-------+-------+-------++-------
Melee: Dagger            |    57 |     2 |     2 ||    61
       Bite              |    20 |    59 |   147 ||   226
       Club              |     3 |       |       ||     3
       Falchion          |    20 |   169 |   346 ||   535
Throw: Dart              |     7 |    42 |    57 ||   106
 Cast: Magic Dart        |    12 |    49 |    42 ||   103
       Mephitic Cloud    |       |     3 |     3 ||     6
       Blink             |       |     3 |       ||     3
       Vampiric Draining |       |     1 |    18 ||    19
       Airstrike         |       |       |     4 ||     4
Evoke: Wand              |       |       |     1 ||     1
  Use: Potion            |     1 |     2 |     2 ||     5
       Scroll            |       |     6 |     6 ||    12
 Stab: Confused          |       |     5 |     2 ||     7
       Sleeping          |       |     3 |     2 ||     5
  Eat: Chunk             |     2 |    10 |     9 ||    21
       Ration            |       |       |     1 ||     1
Armor: Robe              |    15 |    16 |       ||    31
       Troll leather arm |       |    24 |    96 ||   120
Dodge: Dodged            |    49 |   115 |   177 ||   341
       Repelled          |       |     1 |     3 ||     4
       Rpst.: Falchion   |     5 |    35 |    69 ||   109
